 Dungeon Crawl Stone Soup version 0.29.1-4-g47bece8355 (webtiles) character file.

Game seed: 3874254367108586609

28304 H0rd4k the Martial Artist (level 13, -2/85 HPs)
             Began as an Octopode Artificer on Dec 5, 2022.
             Was an Initiate of Gozag.
             Slain by an ettin (20 damage)
             ... on level 5 of the Lair of Beasts on Dec 9, 2022.
             The game lasted 00:43:51 (17726 turns).

H0rd4k the Martial Artist (Octopode Artificer)     Turns: 17726, Time: 00:43:51

Health: -2/85      AC:  9    Str: 14    XL:     13   Next: 38%
Magic:  28/28      EV: 17    Int: 24    God:    Gozag
Gold:   3120       SH:  0    Dex: 17    Spells: 19/34 levels left

rFire   + + .      SeeInvis .     - Unarmed
rCold   . . .      Faith    .   (no shield)
rNeg    + . .      Spirit   .   (helmet restricted)
rPois   +          Reflect  .   p - amulet of Vitality {RegenMP++ Regen++}
rElec   .          Harm     .   m - +4 ring of protection
rCorr   +          Rampage  .   y - +4 ring of evasion
Will    +....                   A - ring of positive energy
Stlth   +++.......              D - ring of Tivir {Fly rF++ Str+3}
HPRegen 1.84/turn               E - ring of poison resistance
MPRegen 1.01/turn               i - ring of Tulips {rCorr AC+4 Dex+4}
                                Q - +6 ring of intelligence
                                V - ring of willpower

@: flying
A: almost no armour, amphibious, 8 rings, camouflage 1, gelatinous body 1,
(nimble swimmer 1), tentacles
a: Renounce Religion, Potion Petition, Call Merchant, Bribe Branch


You were on level 5 of the Lair of Beasts.
You worshipped Gozag.
Gozag was most pleased with you.
You visited 3 branches of the dungeon, and saw 17 of its levels.
You also visited: Sewer, Ossuary and Bailey.

You collected 4451 gold pieces.
You spent 1271 gold pieces at shops.
You paid 60 gold pieces to Gozag.

Inventory:

Hand Weapons
 c - a +5 short sword of venom
Missiles
 u - 25 poisoned darts (quivered)
 O - a throwing net
Magical Staves
 W - a staff of earth
Jewellery
 i - the ring of Tulips (on tentacle) {rCorr AC+4 Dex+4}
   (You bought it in a shop on level 1 of the Dungeon)

   [ring of protection]

   AC:        It affects your AC (+4).
   Dex:       It affects your dexterity (+4).
   rCorr:     It protects you from acid and corrosion.
 m - a +4 ring of protection (left tentacle)
 p - the amulet of Vitality (around mantle) {RegenMP++ Regen++}
   (You found it on level 2 of the Dungeon)

   [amulet of magic regeneration]

   It increases your rate of magic regeneration.
   Regen:     It increases your rate of health regeneration.
 y - a +4 ring of evasion (right tentacle)
 A - a ring of positive energy (on tentacle)
 D - the ring of Tivir (on tentacle) {Fly rF++ Str+3}
   (You found it on level 5 of the Dungeon)

   [ring of flight]

   Str:       It affects your strength (+3).
   rF:        It greatly protects you from fire.
   Fly:       It grants you flight.
 E - a ring of poison resistance (on tentacle)
 N - a +6 ring of dexterity
 Q - a +6 ring of intelligence (on tentacle)
 U - a ring of positive energy
 V - a ring of willpower (on tentacle)
Wands
 b - a wand of flame (66)
 L - a wand of polymorph (27)
Scrolls
 a - 6 scrolls of enchant weapon
 e - 3 scrolls of magic mapping
 f - 4 scrolls of blinking
 j - 5 scrolls of noise
 k - 4 scrolls of poison
 l - 3 scrolls of summoning
 t - 3 scrolls of immolation
 w - a scroll of silence {unknown}
 C - 3 scrolls of enchant armour {unknown}
 F - 3 scrolls of fear
 H - a scroll of brand weapon
 I - 3 scrolls of vulnerability
 J - 4 scrolls of butterflies
 K - a scroll of teleportation
 P - a scroll of torment {unknown}
 T - 2 scrolls of identify
 X - a scroll of amnesia
Potions
 d - a potion of invisibility {unknown}
 g - 4 potions of haste
 h - 7 potions of brilliance
 n - 6 potions of mutation
 q - 12 potions of curing
 r - 5 potions of might
 s - 8 potions of heal wounds
 v - 3 potions of ambrosia
 x - 4 potions of flight
 z - a potion of resistance
 B - 3 potions of lignification
 G - 2 potions of magic
 M - 2 potions of berserk rage
 R - 2 potions of cancellation {unknown}
 S - 3 potions of degeneration
 Y - 3 potions of attraction {unknown}
Miscellaneous
 Z - a lightning rod (4/4)


   Skills:
 - Level 6.7 Fighting
 + Level 8.8 Throwing
 - Level 2.3 Dodging
 - Level 1.3 Stealth
 - Level 11.7 Unarmed Combat
 * Level 11.3 Spellcasting
 - Level 2.9 Hexes
 * Level 9.0 Summonings
 - Level 2.7 Fire Magic
 - Level 3.2 Evocations


You had 19 spell levels left.
You knew the following spells:

 Your Spells              Type           Power      Damage    Failure   Level
a - Call Imp              Summ           54%        N/A       1%          2
b - Inner Flame           Hex/Fire       27%        N/A       4%          3
c - Summon Forest         Summ/Tloc      17%        N/A       21%         5
d - Summon Mana Viper     Hex/Summ       42%        N/A       11%         5

Your spell library contained the following spells:

 Spells                   Type           Power      Damage    Failure   Level
 Foxfire                  Conj/Fire      80%        2x1d8     2%          1
 Sting                    Tmut/Pois      52%        1d5       4%          1
 Poisonous Vapours        Pois/Air       26%        N/A       7%          2
 Conjure Flame            Conj/Fire      20%        6-21      8%          3
 Ignite Poison            Fire/Tmut/Pois 18%        N/A       10%         3
 Stone Arrow              Conj/Erth      26%        3d8       14%         3
 Vampiric Draining        Necr           13%        2d6       14%         3
 Flame Wave               Conj/Fire      20%        2d7       26%         4
 Fulminant Prism          Conj/Hex       10%        3d9       26%         4
 Iskenderun's Mystic Bla  Conj/Tloc      13%        2d5       43%         4
 Olgreb's Toxic Radiance  Pois           13%        N/A       43%         4
 Passage of Golubria      Tloc           13%        N/A       43%         4
 Silence                  Hex/Air        10%        N/A       56%         5
 Summon Hydra             Summ           27%        N/A       67%         7
 Freezing Cloud           Conj/Ice/Air   6%         6-21      78%         5
 Lee's Rapid Deconstruct  Erth           6%         3d7*      78%         5
 Malign Gateway           Summ/Tloc      17%        N/A       99%         7
 Eringya's Noxious Bog    Tmut/Pois      6%         N/A       100%        6
 Ignition                 Fire           13%        3d6       100%        8
 Lehudib's Crystal Spear  Conj/Erth      6%         10d3      100%        8
 Animate Armour           Summ/Erth      Unusable   N/A       N/A         4
 Corpse Rot               Necr/Pois/Air  Unusable   N/A       N/A         4

Dungeon Overview and Level Annotations

Branches:
Dungeon (11/15)            Temple (1/1) D:4            Lair (5/5) D:11
 Spider (0/4) Lair:3        Slime (0/5) Lair:4          Orc (0/2) D:9
  Sewer (visited)         Ossuary (visited)          Bailey (visited)
  Swamp: Lair:2-3    Shoals: Lair:2-3

Altars:
Ashenzari
Cheibriados
Dithmenos
Elyvilon
Gozag
Hepliaklqana
Kikubaaqudgha
Makhleb
Nemelex Xobeh
Okawaru
Qazlal
Ru
Sif Muna
Trog
Uskayaw
Vehumet
Wu Jian
Xom
Yredelemnul
Zin
The Shining One
Jiyva

Shops:
D:1 *?[   D:4 :*   D:5 ?   D:8 ?

Portals:
Trove: D:11 (give 18 scrolls of teleportation)

Annotations:
D:5 exclusion: upstairs
D:8 exclusion: centaur warrior
D:9 exclusions: 2 downstairs and orange crystal statue
D:10 3 runed translucent doors, exclusion: 2 downstairs, Maggie; ababab's ghost, novice FeEn
D:11 3 runed translucent doors, exclusion: 3 doors, Sikaos's ghost, journeyman HuCj
Lair:1 exclusion: catoblepas
Lair:2 exclusions: catoblepas and 2 downstairs
Lair:3 exclusions: death yak and hydra
Lair:4 1 runed translucent door, exclusions: door, hydra and upstairs, Urug
Lair:5 exclusions: door and wizard


Innate Abilities, Weirdness & Mutations

You cannot wear most types of armour.
You are amphibious.
You can wear up to eight rings at the same time.
Your skin changes colour to match your surroundings (Stealth+).
Your rubbery body absorbs attacks. (AC +1, EV +1)
((You are camouflaged when in or above water. (Stealth+)))
You have tentacles for arms and can constrict up to eight enemies at once.


Message History

The boulder beetle leaps!
Your crimson imp blinks!
The boulder beetle bites your mana viper!
Your mana viper bites the boulder beetle but does no damage.
Your mana viper disappears in a puff of smoke!
The boulder beetle leaps!
The boulder beetle curls into a ball and begins rolling!
Casting: Call Imp (safe; 1% risk of failure)
Confirm with . or Enter, or press ? or * to list all spells.
A beastly little devil appears in a puff of flame.
The boulder beetle misses your crimson imp.
The boulder beetle stops rolling and uncurls.
Your crimson imp hits the boulder beetle but does no damage.
The boulder beetle bites your crimson imp!
Your crimson imp dies!
Your crimson imp disappears in a puff of smoke!
The boulder beetle bites you!
You tentacle-slap the boulder beetle but do no damage.
The boulder beetle bites you!!
You tentacle-slap the boulder beetle but do no damage.
The boulder beetle bites you but does no damage.
You bludgeon the boulder beetle!
You squeeze the boulder beetle, but do no damage.
The boulder beetle is lightly wounded.
The boulder beetle bites you!
You tentacle-slap the boulder beetle but do no damage.
The boulder beetle is lightly wounded.
The boulder beetle bites you!
You tentacle-slap the boulder beetle but do no damage.
The boulder beetle is lightly wounded.
Aiming: Polymorph
Press: ? - help, Shift-Dir - straight line, f - boulder beetle
Aim: a boulder beetle (lightly wounded, will become an ettin, a four-headed hydra, or a jorogumo, chance to affect: 39%)
The boulder beetle evaporates and reforms as an ettin!
Unknown command.
The ettin attacks as you move away! The ettin hits you!!
* * * LOW HITPOINT WARNING * * *
The ettin hits you!!
You die...
Your body crumbles into a pile of gold.

......
..♣.............
.......
♣♣♣.......♣♣.
....... ♣♣♣.§♣.♣♣
....... ♣♣.♣♣♣
....... ♣♣.♣
.........♣♣ ♣♣.♣
....... ...♣♣
♣♣..♣♣ .......
♣..♣♣♣♣♣♣....♣♣
.........♣
♣.C@....♣...♣♣♣
.........♣
♣♣♣...♣♣♣♣.♣..♣♣♣♣
♣ ........♣♣♣
♣♣♣♣♣♣♣..♣♣♣...♣♣♣
..........♣ ♣♣..♣♣
♣♣.....
..........♣ ♣♣..♣♣
♣♣.♣♣. ..........♣
♣♣..♣♣♣ ♣♣♣♣♣
..........♣
♣..♣..♣♣
........♣♣
♣♣..♣♣..♣
.........♣
♣♣..♣♣♣♣.♣♣


You could see an ettin.

Vanquished Creatures
  2 vault guards (Bailey)
  3 two-headed ogres
  Amaemon (Lair:2)
  A nameless horror (Lair:3)
  Pikel (D:7)
  5 black mambas
  An orange demon (Lair:2)
  A torpor snail (Lair:4)
  7 cane toads
  5 rime drakes
  5 komodo dragons
  3 trolls
  2 polar bears
  Grinder (D:3)
  10 blink frogs
  A dream sheep (Lair:5)
  Prince Ribbit (D:7)
  A shadow (D:9)
  A wraith (D:11)
  5 wyverns
  17 yaks
  2 basilisks (Lair:2)
  5 humans (Bailey)
  A redback (Lair:3)
  A steam dragon (Lair:2)
  13 water moccasins
  An acid dragon (D:11)
  2 orc warriors
  4 black bears
  2 sky beasts (D:7)
  3 ice beasts
  2 centaurs
  11 wolves (Lair:2)
  A lemure (D:7)
  2 kobold brigands
  13 bullfrogs
  A gnoll sergeant (D:6)
  2 scorpions
  A wight (D:8)
  A troll zombie (Ossuary)
  16 killer bees
  3 howler monkeys (D:8)
  3 electric eels
  A quasit (D:7)
  5 centaur zombies
  6 hounds
  A human zombie (Ossuary)
  2 jellies
  A gnoll bouda (D:9)
  An orc priest (D:7)
  4 hell rats (Lair:2)
  2 iguanas (D:5)
  3 orc wizards
  An ogre zombie (Ossuary)
  7 mummies (Ossuary)
  Robin (D:3)
  9 gnolls
  3 river rats (Sewer)
  19 adders
  2 shadow imps (D:7)
  A white imp (D:5)
  An ufetubus (D:7)
  3 adder zombies (Ossuary)
  4 worms
  5 dart slugs
  23 orcs
  8 endoplasms
  4 giant cockroaches
  20 goblins
  5 hobgoblins
  6 jackals
  6 quokkas
  8 ball pythons
  7 bats
  2 frilled lizards (D:1)
  4 goblin zombies
  5 hobgoblin zombies (Ossuary)
  26 kobolds
  3 kobold zombies (Ossuary)
  8 quokka zombies (Ossuary)
  10 rats
  3 rat zombies (Ossuary)
394 creatures vanquished.

Vanquished Creatures (collateral kills)
  A black mamba (Lair:5)
  A cane toad (Lair:1)
  A blink frog (Lair:5)
  A yak (Lair:3)
  A bullfrog (Lair:1)
  2 necrophages
  A gnoll sergeant (D:6)
  2 wights (D:8)
  3 killer bees
  2 hell rats (Lair:2)
  A gnoll (D:6)
  A shadow imp (D:6)
  2 orcs (D:7)
19 creatures vanquished.

Vanquished Creatures (others)
  2 blink frogs (Lair:5)
  A yak (D:6)
  An orc warrior (D:7)
  A centaur (D:7)
  2 killer bees (D:7)
  An orc wizard (D:7)
  A gnoll (D:4)
  40 fungi
  39 plants
88 creatures vanquished.

Grand Total: 501 creatures vanquished

Notes
Turn   | Place    | Note
-------+----------+-------------------------------------------
     0 | D:1      | H0rd4k the Octopode Artificer began the quest for the Orb.
     0 | D:1      | Reached XP level 1. HP: 13/13 MP: 1/1
    44 | D:1      | Found Bageheg's Assorted Antiques.
   209 | D:1      | Found Umybatu's Magic Scroll Emporium.
   409 | D:1      | Found Emeoly's Armour Shoppe.
   662 | D:1      | Reached skill level 1 in Spellcasting
   662 | D:1      | Reached XP level 2. HP: 13/18 MP: 3/3
   909 | D:1      | Found a faded altar of an unknown god.
  1752 | D:2      | Reached XP level 3. HP: 9/24 MP: 3/5
  1949 | D:2      | Reached skill level 1 in Unarmed Combat
  2181 | D:2      | Reached XP level 4. HP: 29/29 MP: 6/6
  2315 | D:2      | Found the amulet of Vitality {RegenMP++ Regen++}
  2645 | D:3      | Got the Spellbook of the Tempest and the Summer
  2710 | D:3      | Noticed Robin
  2780 | D:3      | Reached XP level 5. HP: 35/35 MP: 8/8
  2805 | D:4      | Found Rehaem's Mayhem Merchandise.
  2896 | D:4      | Found a staircase to the Ecumenical Temple.
  2905 | Temple   | Entered the Ecumenical Temple
  3091 | Temple   | Became a worshipper of Gozag Ym Sagoz the Greedy
  3434 | D:4      | Reached XP level 6. HP: 23/41 MP: 9/9
  3445 | D:4      | Found Hesko Zij's Book Shop.
  3781 | D:4      | Identified the +1 leather armour of Kiavvirr {Str+3}
  4190 | D:3      | Killed Robin
  4237 | D:3      | Noticed Grinder
  4486 | D:5      | Entered Level 5 of the Dungeon
  4565 | D:5      | Identified the ring of Tivir {Fly rF++ Str+3}
  4672 | D:5      | Found a transporter.
  4673 | D:5      | Noticed an ice beast
  4677 | D:5      | Killed an ice beast
  4678 | D:5      | Reached XP level 7. HP: 46/46 MP: 11/11
  4684 | D:5      | Reached skill level 5 in Unarmed Combat
  4688 | D:5      | Found Wafad's Magic Scroll Shop.
  4744 | D:5      | Found a transporter.
  4761 | D:5      | Found a glowing drain.
  4797 | Sewer    | Entered a sewer
  5686 | D:4      | Found a bloodstained altar of Trog.
  5914 | D:1      | Bought a smoking turquoise ring for 115 gold pieces
  5914 | D:1      | Identified the ring of Tulips {rCorr AC+4 Dex+4} (You
                  | bought it in a shop on level 1 of the Dungeon)
  6073 | D:6      | Reached XP level 8. HP: 54/54 MP: 13/13
  6114 | D:6      | Noticed a yak
  6116 | D:6      | Found a shimmering altar of Xom.
  6215 | D:6      | Reached skill level 1 in Throwing
  6256 | D:6      | Identified the +1 ring mail "Deefasch" {Str+4}
  6389 | D:6      | Found a glowing silver altar of Zin.
  6639 | D:6      | Reached XP level 9. HP: 59/60 MP: 15/15
  6931 | D:7      | Reached skill level 5 in Fighting
  7288 | D:7      | Noticed Pikel
  7298 | D:7      | Noticed Prince Ribbit
  7330 | D:7      | Killed Prince Ribbit
  7732 | D:7      | Reached skill level 5 in Spellcasting
  7960 | D:8      | Noticed a centaur warrior
  8057 | D:8      | Found a stormy altar of Qazlal.
  8152 | D:8      | Found a flagged portal.
  8161 | Bailey   | Entered a bailey
  8224 | Bailey   | Reached XP level 10. HP: 62/68 MP: 18/18
  8227 | Bailey   | Reached skill level 10 in Unarmed Combat
  8309 | Bailey   | Noticed a vault guard
  8337 | Bailey   | Noticed a vault guard
  8337 | Bailey   | Killed a vault guard
  8348 | Bailey   | Killed a vault guard
  8455 | D:8      | Found Geqecuum's Magic Scroll Shoppe.
  8469 | D:8      | Found a sand-covered staircase.
  8476 | Ossuary  | Entered an ossuary
  8993 | D:8      | Bought a scroll of fear for 44 gold pieces
  8993 | D:8      | Bought a scroll of summoning for 104 gold pieces
  9317 | D:8      | Identified the +1 robe of Nuzeuna {rF+ SInv}
  9443 | D:8      | Found a hide-covered altar of Uskayaw.
  9460 | D:8      | Found a glowing silver altar of Zin.
  9628 | D:3      | Killed Grinder
  9852 | D:4      | Identified a scroll of acquirement
  9853 | D:4      | Acquired 673 gold pieces
  9860 | D:4      | Bought a Fen Folio for 504 gold pieces
  9860 | D:4      | Bought the Quarto of Shadowy Companions for 504 gold pieces
  9863 | D:4      | Learned a level 2 spell: Call Imp
 10203 | D:7      | Killed Pikel
 10204 | D:7      | Reached skill level 1 in Summonings
 10204 | D:7      | Reached XP level 11. HP: 69/74 MP: 19/21
 10374 | D:9      | Noticed a two-headed ogre
 10385 | D:9      | Killed a two-headed ogre
 10439 | D:9      | Found a staircase to the Orcish Mines.
 10598 | D:9      | Noticed an orange crystal statue
 10744 | D:9      | Found a sacrificial altar of Ru.
 11059 | D:10     | Entered Level 10 of the Dungeon
 11059 | D:10     | Noticed a two-headed ogre
 11068 | D:10     | Killed a two-headed ogre
 11069 | D:10     | Reached skill level 5 in Throwing
 11101 | D:9      | Learned a level 3 spell: Inner Flame
 11108 | D:9      | Learned a level 5 spell: Summon Forest
 11219 | D:10     | Found a sparkling altar of Nemelex Xobeh.
 11219 | D:10     | Noticed Maggie
 11414 | D:10     | Found a runed translucent gate.
 11415 | D:10     | Found a runed translucent gate.
 11416 | D:10     | Found a runed translucent gate.
 11417 | D:10     | Noticed ababab's ghost (novice FeEn)
 11703 | D:11     | Noticed a two-headed ogre
 11712 | D:11     | Reached skill level 1 in Hexes
 11729 | D:10     | Reached skill level 1 in Fire Magic
 11842 | D:11     | Noticed a five-headed hydra
 11846 | D:11     | Killed a two-headed ogre
 12394 | D:11     | Found a portal to a secret trove of treasure.
 12644 | D:11     | Found a runed translucent gate.
 12644 | D:11     | Found a runed translucent gate.
 12644 | D:11     | Found a runed translucent gate.
 12644 | D:11     | Noticed Sikaos's ghost (journeyman HuCj)
 12646 | D:11     | Found a basalt altar of Yredelemnul.
 12824 | D:11     | Found a staircase to the Lair.
 13428 | Lair:1   | Entered Level 1 of the Lair of Beasts
 13443 | Lair:1   | Learned a level 5 spell: Summon Mana Viper
 13455 | Lair:1   | Noticed a catoblepas
 14088 | Lair:2   | Reached XP level 12. HP: 71/80 MP: 24/24
 14210 | Lair:2   | Noticed Amaemon
 14224 | Lair:2   | Killed Amaemon
 14225 | Lair:2   | Reached skill level 5 in Summonings
 15027 | Lair:2   | Noticed a catoblepas
 15360 | Lair:3   | Noticed a nameless horror
 15374 | Lair:3   | Killed a nameless horror
 15411 | Lair:3   | Noticed a seven-headed hydra
 15446 | Lair:3   | Noticed a death yak
 15570 | Lair:3   | Found a hole to the Spider Nest.
 15704 | Lair:3   | Reached skill level 10 in Spellcasting
 16058 | Lair:4   | Found a runed translucent door.
 16058 | Lair:4   | Found a viscous altar of Jiyva.
 16059 | Lair:4   | Found a staircase to the Slime Pits.
 16268 | Lair:4   | Noticed a seven-headed hydra
 16373 | Lair:4   | Noticed Urug
 16511 | Lair:4   | Found a stormy altar of Qazlal.
 16662 | Lair:4   | Reached XP level 13. HP: 66/85 MP: 27/27
 17082 | Lair:5   | Entered Level 5 of the Lair of Beasts
 17723 | Lair:5   | Noticed an ettin
 17723 | Lair:5   | a boulder beetle changed into an ettin
 17726 | Lair:5   | Slain by an ettin

Illustrated notes

Levels and vault maps discovered:
D:1:      co_arrival_square_in_a_square_in_a_square, layout_basic, serial_shops,
          nicolae_square_shop, shop, shop, shapermc_ecumenical_altar_ellora,
          roderic_serpentine_path
D:2:      minmay_razor_zed, layout_rooms, minivault_14, minmay_misc_feat_doors
D:3:      layout_basic, uniq_robin, uniq_grinder
D:4:      layout_loops_ring, nicolae_overflow_hidden_temple,
          minmay_temple_entry_wispy, serial_shops, nicolae_inconvenience_store,
          minmay_shop_mayhem, kennysheep_potato
D:5:      gammafunk_steamed_eel, layout_loops_cross, gup_sewer_entry_glass,
          serial_shops, shop_fountains, hangedman_decor_points
D:6:      layout_cave_pools, hangedman_feature_mirror
D:7:      layout_loops_corners, serial_demonic, serial_demonic_c,
          serial_demonic_g, serial_demonic_c, serial_demonic_d,
          grunt_ministairs_11, uniq_pikel, uniq_prince_ribbit1
D:8:      layout_cave_pods, mainiacjoe_overflow_brackets,
          mainiacjoe_overflow_big_doors, enter_ossuary_4, serial_shops,
          nicolae_shop_trees, serial_column_ruins, column_ruins_hut_ruined,
          column_ruins_hut, column_ruins_open_small_water,
          column_ruins_corridor_straight, column_ruins_open_tiny,
          column_ruins_corridor_straight, column_ruins_columns_straight,
          enter_bailey_2
D:9:      layout_gridville, hangedman_ru_absence, orc_0_dummy,
          minmay_protected_statue
D:10:     layout_loops_ring, mainiacjoe_overflow_boulevard,
          mainiacjoe_overflow_chevrons, gammafunk_ghost_necromancy,
          minmay_orc_keep, uniq_maggie
D:11:     layout_gridville, grunt_lair_entry_orc_guard_hut,
          nicolae_trove_entry_columns, nicolae_yredelemnul_ghost_church
Temple:   regret_index_temple_generic_petals
Lair:1:   layout_roguey, st_stairs_9, lemuel_fruit_fields, lemuel_fruit_fields
Lair:2:   layout_loops_ring, st_stairs_3, nicolae_quartered_pool_little,
          uniq_amaemon
Lair:3:   layout_cave_pods, nicolae_swamp_entry_splash_gauntlet,
          spider_nest_entry_webs
Lair:4:   nzn_winding_woodlands_small [nzn_winding_woodlands_5x15_crooked,
          nzn_winding_woodlands_center_lodge,
          nzn_winding_woodlands_5x15_longhouse], layout_cave_pods,
          slime_entry_2, basic_altar, uniq_urug
Lair:5:   evil_forest, layout_regular_city, st_stairs_13, serial_bayou_ford_a,
          grunt_megastairs_3

Skill      XL: |  1  2  3  4  5  6  7  8  9 10 11 12 13 |
---------------+----------------------------------------+-----
Spellcasting   | 1 2 3 4 5 6 8 10 11 | 11.3
Unarmed Combat | 1 2 3 4 6 8 9 11 | 11.7
Fighting       | 2 3 4 5 6 |  6.7
Throwing       | 2 4 7 8 |  8.8
Summonings     | 1 4 7 9 |  9.0
Hexes          | 2 |  2.9
Fire Magic     | 2 |  2.7
Dodging        | |  2.3
Stealth        | |  1.3
Evocations     | |  3.2

Action                   |  1- 3 |  4- 6 |  7- 9 | 10-12 | 13-15 || total
-------------------------+-------+-------+-------+-------+-------++-------
Melee: Unarmed           |    84 |   179 |   280 |   628 |   142 ||  1313
       Constrict         |    21 |    46 |    64 |   103 |    15 ||   249
       Tentacles         |    17 |    45 |    61 |   181 |    39 ||   343
       Punch             |       |     5 |    16 |    83 |    19 ||   123
Throw: Dart              |       |       |    32 |    46 |     3 ||    81
 Cast: Call Imp          |       |       |       |    24 |    11 ||    35
       Summon Mana Viper |       |       |       |     3 |     1 ||     4
Evoke: Wand              |     1 |     7 |    48 |    13 |     9 ||    78
  Use: Scroll            |       |       |    12 |     9 |     8 ||    29
       Potion            |       |       |       |     3 |       ||     3
 Stab: Sleeping          |     6 |    10 |     7 |    28 |     5 ||    56
       Distracted        |       |     1 |     2 |    10 |     1 ||    14
Armor: Skin              |    19 |    51 |    75 |   121 |    24 ||   290
Dodge: Dodged            |    62 |   146 |   207 |   388 |    84 ||   887
